 Dungeon Crawl Stone Soup version 0.31-a0-222-gefeffbb62a (webtiles) character file.

Game seed: 17942000541478924123

14 7w4c the Charlatan (level 2, -5/23 HPs)
             Began as a Demigod Artificer on July 5, 2023.
             Slain by a gnoll
             ... wielding a +0 club
              (7 damage)
             ... on level 2 of the Dungeon.
             The game lasted 00:02:23 (913 turns).

7w4c the Charlatan (Demigod Artificer)               Turns: 913, Time: 00:02:23

Health: -5/23      AC:  3    Str: 13    XL:     2   Next: 18%
Magic:  4/4        EV: 11    Int: 13    God:
Gold:   62         SH:  0    Dex: 14    Spells: 1/1 levels left

rFire   . . .        h - +0 whip
rCold   . . .        (no shield)
rNeg    . . .        b - +0 leather armour
rPois   .            (no helmet)
rElec   .            (no cloak)
rCorr   .            (no gloves)
SInv    .            (no boots)
Will    .....        (no amulet)
Stlth   +            (no ring)
HPRegen 0.23/turn    (no ring)
MPRegen 0.09/turn

%: no passive effects
@: no status effects
A: high MP 1, forlorn, divine attributes
a: no special abilities


You were on level 2 of the Dungeon.
You visited 1 branch of the dungeon, and saw 2 of its levels.

You collected 62 gold pieces.

Inventory:

Hand Weapons
 h - a +0 whip (weapon)
Armour
 b - a +0 leather armour (worn)
Wands
 c - a wand of flame (15) (quivered)
 d - a wand of charming (15)
 e - a wand of iceblast (5)
Scrolls
 g - a scroll of identify {unknown}
Potions
 a - 3 potions of heal wounds {unknown}
 f - 2 potions of berserk rage {unknown}


   Skills:
 + Level 1.2 Fighting
 + Level 1.8 Armour
 + Level 0.9 Dodging
 + Level 0.8 Stealth
 + Level 3.2 Evocations


You had one spell level left.
You didn't know any spells.
Your spell library was empty.

Dungeon Overview and Level Annotations

Branches:
Dungeon (2/15)


Innate Abilities, Weirdness & Mutations

You have an increased reservoir of magic. (+10% MP)
You shall have no god before yourself.
Your divine heritage dramatically boosts your attributes as you level up.


Message History

The rat barely misses you.
You hit the rat.
You kill the rat!
Done exploring.
Done exploring.
Done exploring.
There is an escape hatch in the floor here.
There is an escape hatch in the floor here.
You slide downwards.
The hatch slams shut behind you.
The gnoll shouts!
Found 7 gold pieces and a leather armour.
A gnoll comes into view. It is wielding a +0 whip.
A gnoll comes into view. It is wielding a +0 club.
The gnoll shouts!
The bat barely misses you.
A gnoll comes into view. It is wielding a +0 flail.
The bat hits you.
The gnoll shouts!
The bat hits you. The bat closely misses you.
You completely miss the gnoll.
The gnoll shouts!
Your punch misses the gnoll. The bat closely misses you.
The gnoll hits you with a +0 whip!
You hit the gnoll.
The gnoll is lightly wounded.
The bat hits you but does no damage. The gnoll barely misses you. x2
You barely miss the gnoll.
The gnoll is lightly wounded.
The bat hits you. The gnoll hits you but does no damage.
You hit the gnoll.
The gnoll is moderately wounded.
The bat closely misses you. The gnoll closely misses you.
The gnoll hits you with a +0 whip.
You closely miss the gnoll.
The gnoll is moderately wounded.
The bat hits you. The gnoll hits you with a +0 whip!
* * * LOW HITPOINT WARNING * * *
The gnoll hits you but does no damage. The gnoll barely misses you.
The gnoll attacks as you move away! The gnoll hits you with a +0 club!
You die...

#.. #[. #..
### .. ... #.
##.#
###.###$..#
#.......# ###
#.......#.....
#.....@gb.....
######ggg.....
###......
...... .....
..... ....
....


You could see 4 gnolls and a bat.

Vanquished Creatures
  2 endoplasms (D:1)
  2 hobgoblins (D:1)
  2 jackals (D:1)
  2 kobolds (D:1)
  2 bats (D:1)
  A frilled lizard (D:1)
  2 rats (D:1)
13 creatures vanquished.

Notes
Turn   | Place    | Note
-------+----------+-------------------------------------------
     0 | D:1      | 7w4c the Demigod Artificer began the quest for the Orb.
     0 | D:1      | Reached XP level 1. HP: 15/15 MP: 3/3
   292 | D:1      | Reached skill level 3 in Evocations
   377 | D:1      | Reached skill level 1 in Fighting
   571 | D:1      | Reached XP level 2. HP: 7/23 MP: 4/4
   913 | D:2      | Slain by a gnoll

Illustrated notes

Levels and vault maps discovered:
D:1:      roderic_crossed_star, layout_loops_ring,
          hellmonk_ecumenical_altar_dog_temple
D:2:      layout_rooms, uniq_jessica

Skill      XL: |  1 |
---------------+----+-----
Evocations     | 3 |  3.2
Fighting       | 1 |  1.2
Armour         | |  1.8
Dodging        | |  0.9
Stealth        | |  0.8

Action                     || total
---------------------------++-------
  Melee: Club              ||    31
         Whip              ||    34
 Armour: Leather armour    ||    38
  Dodge: Dodged            ||    75

Table legend: (Time is in decaauts)
 A = Elapsed time spent in this place.
 B = Non-inter-level travel time spent in this place.
 C = Inter-level travel time spent in this place.
 D = Time resting spent in this place.
 E = Time spent auto-exploring this place.
 F = Levels seen in this place.
 G = Mean time per level.
                   A        B        C        D        E       F      G
               +--------+--------+--------+--------+--------+-----+--------+
         Total |    925 |    881 |     44 |      0 |    612 |   2 |  462.5 |
       Dungeon |    925 |    881 |     44 |      0 |    612 |   2 |  462.5 |
               +--------+--------+--------+--------+--------+-----+--------+

Top non-repeatable levels by time:
     D:1: 914 daAuts
     D:2: 10 daAuts
